 Dungeon Crawl Stone Soup version 0.31-a0-1074-g0b22e4e0f1 (webtiles) character file.

Game seed: 4324121950040795282

2 backslashecho the Grasshopper (level 1, 0/16 HPs)
             Began as a Human Warper on Dec 4, 2023.
             Slain by a jackal (1 damage)
             ... on level 1 of the Dungeon.
             The game lasted 00:00:35 (31 turns).

backslashecho the Grasshopper (Human Warper)          Turns: 31, Time: 00:00:35

Health: 0/16       AC:  3    Str: 11    XL:     1   Next: 44%
Magic:  3/3        EV: 11    Int: 13    God:
Gold:   0          SH:  0    Dex: 12    Spells: 4/4 levels left

rFire   . . .        a - +0 hand axe
rCold   . . .        (no shield)
rNeg    . . .        b - +0 leather armour
rPois   .            (no helmet)
rElec   .            (no cloak)
rCorr   .            (no gloves)
SInv    .            (no boots)
Will    .....        (no amulet)
Stlth   +            (no ring)
HPRegen 0.22/turn    (no ring)
MPRegen 0.08/turn

%: no passive effects
@: no status effects
A: no striking features
a: no special abilities


You were on level 1 of the Dungeon.
You visited 1 branch of the dungeon, and saw 1 of its levels.

Inventory:

Hand Weapons
 a - a +0 hand axe (weapon)
Missiles
 d - 7 darts of dispersal (quivered)
Armour
 b - a +0 leather armour (worn)
Scrolls
 c - a scroll of blinking


   Skills:
 + Level 2.0 Fighting
 + Level 2.0 Axes
 * Level 1.1 Throwing
 + Level 1.0 Armour
 - Level 2.0 Dodging
 * Level 0.2 Unarmed Combat
 - Level 2.0 Spellcasting
 - Level 3.0 Translocations


You had 4 spell levels left.
You didn't know any spells.
Your spell library contained the following spells:

 Spells                   Type           Power      Damage    Failure   Level
 Blink                    Tloc           18%        N/A       14%         2
 Lesser Beckoning         Tloc           18%        N/A       14%         2
 Teleport Other           Tloc           9%         N/A       28%         3
 Magic Dart               Conj           4%         1d3       32%         1
 Call Imp                 Summ           2%         N/A       45%         2
 Manifold Assault         Tloc           9%         N/A       67%         4
 Mephitic Cloud           Conj/Pois/Air  1%         N/A       69%         3
 Vhi's Electric Charge    Tloc/Air       10%        N/A       87%         4


Dungeon Overview and Level Annotations

Branches:
Dungeon (1/15)

Altars:


Message History

You hit the jackal.
You kill the jackal!
You barely miss the jackal. x2; The jackal closely misses you.
The jackal bites you. The jackal barely misses you.
The jackal bites you but does no damage.
You take 1 damage, and have 8/16 hp.
You hit the jackal.
The jackal is heavily wounded.
You closely miss the jackal.
The jackal bites you but does no damage.
The jackal closely misses you. The jackal misses you.
You closely miss the jackal.
The jackal is heavily wounded.
You barely miss the jackal. The jackal barely misses you.
The jackal bites you. x2
You take 2 damage, and have 6/16 hp.
You are too injured to fight recklessly!
You are too injured to fight recklessly!
You are too injured to fight recklessly!
You are too injured to fight recklessly!
You are too injured to fight recklessly!
You are too injured to fight recklessly!
You are too injured to fight recklessly!
You are too injured to fight recklessly!
You are too injured to fight recklessly!
You are too injured to fight recklessly!
You are too injured to fight recklessly!
You are too injured to fight recklessly!
You are too injured to fight recklessly!
You are too injured to fight recklessly!
You hit the jackal.
The jackal is almost dead.
You barely miss the jackal. The jackal barely misses you.
The jackal bites you but does no damage. x2
The jackal bites you.
You take 1 damage, and have 5/16 hp.
You closely miss the jackal.
The jackal is almost dead.
You hit the jackal. The jackal closely misses you. x3
You barely miss the jackal.
The jackal is almost dead.
You closely miss the jackal. The jackal bites you.
* * * LOW HITPOINT WARNING * * *
The jackal bites you.
* * * LOW HITPOINT WARNING * * *
The jackal barely misses you.
You take 5 damage, and have 1/16 hp.
MASSIVE DAMAGE!!
You hit the jackal.
You kill the jackal!
You barely miss the jackal. The jackal misses you. The jackal bites you.
You die...

#. #.# #..####
##....##### #########
#.........####........
#...≈≈≈≈...##...≈§≈§..
#..≈≈≈≈≈≈......§≈≈§≈≈.
#..≈≈<>≈≈......≈§≈≈≈§.
#..≈≈≈≈.≈....h@≈≈§§≈§.
#...≈≈≈≈..####..§≈§≈..
#........## ##.......
##.......# .......
#######.# .#.#... #..
.#.#.#. ##.. ## # . ##


You could see a jackal.

Vanquished Creatures
  3 jackals (D:1)
3 creatures vanquished.

Notes
Turn   | Place    | Note
-------+----------+-------------------------------------------
     0 | D:1      | backslashecho the Human Warper began the quest for the Orb.
     0 | D:1      | Reached XP level 1. HP: 16/16 MP: 3/3
    31 | D:1      | Slain by a jackal

Illustrated notes

Levels and vault maps discovered:
D:1:      dpeg_arrival_pits, layout_basic, nrook_campfire, chequers_arboretum

Action                     || total
---------------------------++-------
  Melee: Hand axe          ||    16
 Armour: Leather armour    ||    25
  Dodge: Dodged            ||    24

Table legend: (Time is in decaauts)
 A = Elapsed time spent in this place.
 B = Non-inter-level travel time spent in this place.
 C = Inter-level travel time spent in this place.
 D = Time resting spent in this place.
 E = Time spent auto-exploring this place.
 F = Levels seen in this place.
 G = Mean time per level.
                   A        B        C        D        E       F      G
               +--------+--------+--------+--------+--------+-----+--------+
         Total |     34 |     34 |      0 |      0 |     13 |   1 |   34.0 |
       Dungeon |     34 |     34 |      0 |      0 |     13 |   1 |   34.0 |
               +--------+--------+--------+--------+--------+-----+--------+

Top non-repeatable levels by time:
     D:1: 34 daAuts
